cohdb
Replays
Latest Replays
All Replays
Popular Replays
Top Player Replays
Match Explorer
How It Works
Community
CoH3 Stats
Reddit
Sign in to upload your games and track your stats! →
Sign in with Steam
Match 43460267
Unlisted
Match 43460267
Overview
Messages
Build Orders
End
Scout Squad
Construct Barracks
Riflemen Squad
Selects Heavy Weapons
Riflemen Squad
Infantry Support Center
Construct Weapon Support Center
Selects Assault Carriers
M3 Assault Carrier
M3 Assault Carrier
Engineer Squad
M1919 Machine Gun Team
Construct Medical Station
M1918 Browning Automatic Rifles
Selects Exchangeable Parts
M3 Assault Carrier
Bazooka Squad
Advanced Logistics
Survival Training
Munitions Surplus
Grenade Package
Demolitions Package
Improved M9 Bazooka Rockets
Riflemen Squad
Selects M26 Pershing Heavy Tank
M26 Pershing Heavy Tank
Engineer Squad
Riflemen Squad
Selects M2HB .50cal Heavy Machine Gun
Selects Rapid Reposition
Anticafe
Onkor
Enigmas
Stormless
A Rather Splendid Cromwell
Ryan
JBQuib
Cpt Darling
0
0
Comments
sign in to comment!
No comments posted yet!